| TOP OF THE 1ST |
|
University of California Golden Bears batting - Pitching for Clemson University Tigers : RHP Luis Yanez
|
|
Pitching: RHP Luis Yanez
|
|
|
Batting: LHB Luis Orellana
|
0-0: Foul Ball, location: 2F 0-1: Ball 1-1: Foul Ball, location: 2F 1-2: Foul Ball, location: 2F 1-2: Ball 2-2: Fly out, F8 (Flyball, 8LD, EV 100.6 MPH)
|
|
Batting: LHB Carlos Gaona
|
0-0: Ball 1-0: Called Strike 1-1: Ball 2-1: Called Strike 2-2: Strikes out swinging
|
|
Batting: RHB Nate Mahon
|
0-0: Called Strike 0-1: Foul Ball, location: 2F 0-2: Strikes out looking
|
| Top of the 1st over - 0 runs, 0 hits, 0 errors, 0 left on base; University of California 0 - Clemson University 0 |
| BOTTOM OF THE 1ST |
|
Clemson University Tigers batting - Pitching for University of California Golden Bears : LHP Jimmy Bolton
|
|
Pitching: LHP Jimmy Bolton
|
|
|
Batting: LHB Steve Gates
|
0-0: Fly out, F6 (Popup, P, EV 77.5 MPH)
|
|
Batting: RHB Josh LeSage
|
0-0: Called Strike 0-1: Fly out, F4 (Popup, 4S, EV 66.9 MPH)
|
|
Batting: LHB George Jedinak
|
0-0: Ball 1-0: Called Strike 1-1: Foul Ball, location: 2F 1-2: Foul Ball, location: 2F 1-2: Foul Ball, location: 2F 1-2: Strikes out swinging
|
| Bottom of the 1st over - 0 runs, 0 hits, 0 errors, 0 left on base; University of California 0 - Clemson University 0 |
| TOP OF THE 2ND |
|
University of California Golden Bears batting - Pitching for Clemson University Tigers : RHP Luis Yanez
|
|
Batting: SHB Nick Jansen
|
0-0: Ball 1-0: Foul Ball, location: 2F 1-1: Called Strike 1-2: Ball 2-2: Fly out, F9 (Line Drive, 9, EV 98.1 MPH)
|
|
Batting: RHB Juan Debayle
|
0-0: Ball 1-0: Foul Ball, location: 2F 1-1: Fly out, F7 (Flyball, 78M, EV 92.5 MPH)
|
|
Batting: RHB Mike Wilson
|
0-0: Foul Ball, location: 2F 0-1: Ground out 5-3 (Groundball, 56, EV 82.5 MPH)
|
| Top of the 2nd over - 0 runs, 0 hits, 0 errors, 0 left on base; University of California 0 - Clemson University 0 |
| BOTTOM OF THE 2ND |
|
Clemson University Tigers batting - Pitching for University of California Golden Bears : LHP Jimmy Bolton
|
|
Batting: RHB David Rhodes
|
0-0: Ball 1-0: Ball 2-0: Ball 3-0: Base on Balls
|
|
Batting: RHB Jason Duncan
|
0-0: Ball Passed Ball! David Rhodes to second 1-0: SINGLE (Groundball, 6MS, EV 69.4 MPH) (infield hit) David Rhodes to third
|
|
Batting: LHB Mario Nunez
|
0-0: Called Strike 0-1: Fielders Choice at 2nd, 6-4 (Groundball, 6M, EV 84.4 MPH) David Rhodes scores
|
|
Batting: RHB Willis Suarez
|
0-0: Ball 1-0: Foul Ball, location: 2F 1-1: Ball 2-1: Called Strike 2-2: Ball 3-2: Base on Balls Mario Nunez to second
|
|
Batting: RHB Marco Maggs
|
0-0: Ball 1-0: Swinging Strike 1-1: Called Strike 1-2: Ball 2-2: Grounds into double play, 4-6-3 (Groundball, 4M, EV 89.4 MPH)
|
| Bottom of the 2nd over - 1 run, 1 hit, 0 errors, 1 left on base; University of California 0 - Clemson University 1 |
| TOP OF THE 3RD |
|
University of California Golden Bears batting - Pitching for Clemson University Tigers : RHP Luis Yanez
|
|
Batting: LHB Jonathan Sosa
|
0-0: Called Strike 0-1: Swinging Strike 0-2: Fly out, F8 (Line Drive, 8RM, EV 95.6 MPH)
|
|
Batting: RHB Tim Spence
|
0-0: Called Strike 0-1: Ball 1-1: Foul Ball, location: 2F 1-2: Ground out 6-3 (Groundball, 56, EV 77.5 MPH)
|
|
Batting: RHB Bill Gallardo
|
0-0: Called Strike 0-1: Ball 1-1: Called Strike 1-2: Fly out, F9 (Flyball, 9, EV 80.0 MPH)
|
| Top of the 3rd over - 0 runs, 0 hits, 0 errors, 0 left on base; University of California 0 - Clemson University 1 |
| BOTTOM OF THE 3RD |
|
Clemson University Tigers batting - Pitching for University of California Golden Bears : LHP Jimmy Bolton
|
|
Batting: RHB Jose Rolon
|
0-0: Ball 1-0: Foul Ball, location: 2F 1-1: Ball 2-1: Swinging Strike 2-2: Strikes out swinging
|
|
Batting: LHB Steve Gates
|
0-0: Ball 1-0: Fly out, F8 (Flyball, 8RD, EV 98.1 MPH)
|
|
Batting: RHB Josh LeSage
|
0-0: Fly out, F8 (Flyball, 8RM, EV 93.1 MPH)
|
| Bottom of the 3rd over - 0 runs, 0 hits, 0 errors, 0 left on base; University of California 0 - Clemson University 1 |
| TOP OF THE 4TH |
|
University of California Golden Bears batting - Pitching for Clemson University Tigers : RHP Luis Yanez
|
|
Batting: LHB Luis Orellana
|
0-0: Ball 1-0: Foul Ball, location: 2F 1-1: Foul Ball, location: 2F 1-2: Foul Ball, location: 2F 1-2: Ball 2-2: Ball 3-2: Foul Ball, location: 2F 3-2: Foul Ball, location: 2F 3-2: Ground out U3 (Groundball, 34S, EV 83.8 MPH)
|
|
Batting: LHB Carlos Gaona
|
0-0: Called Strike 0-1: Fly out, F9 (Flyball, 9LS, EV 78.8 MPH)
|
|
Batting: RHB Nate Mahon
|
0-0: Swinging Strike 0-1: Called Strike 0-2: Ball 1-2: SINGLE (Flyball, 5D, EV 92.5 MPH)
|
|
Batting: SHB Nick Jansen
|
0-0: Ball 1-0: Ball 2-0: Foul Ball, location: 2F 2-1: Ball 3-1: Fly out, F9 (Line Drive, 9, EV 97.5 MPH)
|
| Top of the 4th over - 0 runs, 1 hit, 0 errors, 1 left on base; University of California 0 - Clemson University 1 |
| BOTTOM OF THE 4TH |
|
Clemson University Tigers batting - Pitching for University of California Golden Bears : LHP Jimmy Bolton
|
|
Batting: LHB George Jedinak
|
0-0: Ball 1-0: Ground out U3 (Groundball, 3L, EV 93.1 MPH)
|
|
Batting: RHB David Rhodes
|
0-0: Ground out 5-3 (Groundball, 5, EV 80.6 MPH)
|
|
Batting: RHB Jason Duncan
|
0-0: Ball 1-0: Foul Ball, location: 2F 1-1: Ball 2-1: SINGLE (Line Drive, 8LS, EV 101.2 MPH)
|
|
Batting: LHB Mario Nunez
|
0-0: Ball 1-0: Foul Ball, location: 2F 1-1: Fly out, F3 (Popup, 3SF, EV 69.4 MPH)
|
| Bottom of the 4th over - 0 runs, 1 hit, 0 errors, 1 left on base; University of California 0 - Clemson University 1 |
| TOP OF THE 5TH |
|
University of California Golden Bears batting - Pitching for Clemson University Tigers : RHP Luis Yanez
|
|
Batting: RHB Juan Debayle
|
0-0: Called Strike 0-1: Called Strike 0-2: Ball 1-2: Strikes out looking
|
|
Batting: RHB Mike Wilson
|
0-0: Called Strike 0-1: Ball 1-1: SINGLE (Line Drive, 4M, EV 96.2 MPH)
|
|
Batting: LHB Jonathan Sosa
|
0-0: Swinging Strike 0-1: Ball 1-1: Ball 2-1: Grounds into double play, 4-6-3 (Groundball, 4, EV 84.4 MPH)
|
| Top of the 5th over - 0 runs, 1 hit, 0 errors, 0 left on base; University of California 0 - Clemson University 1 |
| BOTTOM OF THE 5TH |
|
Clemson University Tigers batting - Pitching for University of California Golden Bears : LHP Jimmy Bolton
|
|
Batting: RHB Willis Suarez
|
0-0: Ball 1-0: Ground out 6-3 (Groundball, 6M, EV 87.5 MPH)
|
|
Batting: RHB Marco Maggs
|
0-0: Ball 1-0: SINGLE (Line Drive, 56D, EV 98.8 MPH)
|
|
Batting: RHB Jose Rolon
|
0-0: Called Strike 0-1: Ball 1-1: DOUBLE (Flyball, 89D, EV 87.5 MPH) Marco Maggs to third Runner from 3rd tries for Home, SAFE, throw by CF to trailing runner, SAFE at third!
|
|
Batting: LHB Steve Gates
|
0-0: Ball 1-0: SINGLE (Groundball, 4, EV 100.6 MPH) Jose Rolon scores
|
|
Batting: RHB Josh LeSage
|
0-0: Ball 1-0: Ball Passed Ball! Steve Gates to second 2-0: Called Strike 2-1: Foul Ball, location: 2F 2-2: Ground out 6-3 (Groundball, 6, EV 88.8 MPH)
|
|
Batting: LHB George Jedinak
|
0-0: Ball 1-0: Swinging Strike 1-1: Swinging Strike 1-2: Strikes out swinging
|
| Bottom of the 5th over - 2 runs, 3 hits, 0 errors, 1 left on base; University of California 0 - Clemson University 3 |
| TOP OF THE 6TH |
|
University of California Golden Bears batting - Pitching for Clemson University Tigers : RHP Luis Yanez
|
|
Batting: RHB Tim Spence
|
0-0: Fly out, F7 (Flyball, 78D, EV 95.6 MPH)
|
|
Batting: RHB Bill Gallardo
|
0-0: Ball 1-0: Ball 2-0: Ball 3-0: Base on Balls
|
|
Batting: LHB Luis Orellana
|
0-0: Ball 1-0: Ball 2-0: Called Strike 2-1: Fielders Choice at 2nd, 4-6 (Groundball, 34, EV 106.9 MPH)
|
|
Batting: LHB Carlos Gaona
|
0-0: Ball 1-0: SINGLE (Line Drive, 34D, EV 98.1 MPH) Luis Orellana to second Runner from 2nd tries for 3rd, OUT! 9-5
|
| Top of the 6th over - 0 runs, 1 hit, 0 errors, 1 left on base; University of California 0 - Clemson University 3 |
| BOTTOM OF THE 6TH |
|
Clemson University Tigers batting - Pitching for University of California Golden Bears : LHP Jimmy Bolton
|
|
Batting: RHB David Rhodes
|
0-0: Foul Ball, location: 2F 0-1: SOLO HOME RUN (Flyball, 78XD, EV 108.8 MPH), Distance : 414 ft
|
|
Batting: RHB Jason Duncan
|
0-0: Ball 1-0: Ball 2-0: Called Strike 2-1: Foul Ball, location: 2F 2-2: SINGLE (Line Drive, 9LS, EV 93.8 MPH)
|
|
Batting: LHB Mario Nunez
|
0-0: Ball 1-0: Called Strike 1-1: Called Strike 1-2: Foul Ball, location: 2F 1-2: Ball 2-2: Ball Wild Pitch! Jason Duncan to second 3-2: Strikes out swinging
|
|
Batting: RHB Willis Suarez
|
0-0: Ball 1-0: Ball 2-0: Called Strike 2-1: Ball 3-1: Ground out 6-3 (Groundball, 6, EV 83.1 MPH)
|
|
Batting: RHB Marco Maggs
|
0-0: Ball Passed Ball! Jason Duncan to third 1-0: Foul Ball, location: 2F 1-1: Ball 2-1: Foul Ball, location: 2F 2-2: Strikes out swinging
|
| Bottom of the 6th over - 1 run, 2 hits, 0 errors, 1 left on base; University of California 0 - Clemson University 4 |
| TOP OF THE 7TH |
|
University of California Golden Bears batting - Pitching for Clemson University Tigers : RHP Luis Yanez
|
|
Batting: RHB Nate Mahon
|
0-0: Ball 1-0: Called Strike 1-1: Ground out 1-3 (Groundball, 13S, EV 70.0 MPH)
|
|
Batting: SHB Nick Jansen
|
0-0: Ball 1-0: Swinging Strike 1-1: Ball 2-1: Ball 3-1: Ground out 4-3 (Groundball, 4, EV 86.9 MPH)
|
|
Batting: RHB Juan Debayle
|
0-0: Ground out 6-3 (Groundball, 6, EV 101.2 MPH)
|
| Top of the 7th over - 0 runs, 0 hits, 0 errors, 0 left on base; University of California 0 - Clemson University 4 |
| BOTTOM OF THE 7TH |
|
Clemson University Tigers batting - Pitching for University of California Golden Bears : LHP Jimmy Bolton
|
|
Batting: RHB Jose Rolon
|
0-0: Foul Ball, location: 2F 0-1: Ball 1-1: Swinging Strike 1-2: Fly out, F9 (Flyball, 9LM, EV 105.0 MPH)
|
|
Batting: LHB Steve Gates
|
0-0: Called Strike 0-1: Ball 1-1: Called Strike 1-2: Foul Ball, location: 2F 1-2: Fly out, F4 (Flyball, 4MD, EV 80.6 MPH)
|
|
Batting: RHB Josh LeSage
|
0-0: Ball 1-0: Ball 2-0: Called Strike 2-1: Ball 3-1: Base on Balls
|
|
Batting: LHB George Jedinak
|
0-0: Ball 1-0: Called Strike 1-1: Swinging Strike 1-2: Ball Passed Ball! Josh LeSage to second 2-2: SINGLE (Line Drive, 6MD, EV 106.2 MPH) Josh LeSage to third Runner from 3rd tries for Home, SAFE, throw by CF to home
|
|
Pitching: LHP John van Asten
|
|
|
Batting: RHB David Rhodes
|
0-0: Called Strike 0-1: Swinging Strike 0-2: Strikes out swinging
|
| Bottom of the 7th over - 1 run, 1 hit, 0 errors, 1 left on base; University of California 0 - Clemson University 5 |
| TOP OF THE 8TH |
|
University of California Golden Bears batting - Pitching for Clemson University Tigers : RHP Luis Yanez
|
|
Pitching: RHP A.J. Newman
|
|
|
Batting: RHB Mike Wilson
|
0-0: Fly out, F3 (Popup, 3F, EV 67.5 MPH)
|
|
Batting: LHB Jonathan Sosa
|
0-0: Ball 1-0: Fly out, F8 (Flyball, 89M, EV 91.2 MPH)
|
|
Batting: RHB Tim Spence
|
0-0: Foul Ball, location: 2F 0-1: Ball 1-1: Foul Ball, location: 2F 1-2: Strikes out looking
|
| Top of the 8th over - 0 runs, 0 hits, 0 errors, 0 left on base; University of California 0 - Clemson University 5 |
| BOTTOM OF THE 8TH |
|
Clemson University Tigers batting - Pitching for University of California Golden Bears : LHP John van Asten
|
|
Batting: RHB Jason Duncan
|
0-0: Ball 1-0: Ball 2-0: Swinging Strike 2-1: Ball 3-1: Swinging Strike 3-2: Ground out U3 (Groundball, 3, EV 96.9 MPH)
|
|
Batting: LHB Mario Nunez
|
0-0: Swinging Strike 0-1: Fly out, F2 (Popup, 25F, EV 86.9 MPH)
|
|
Batting: RHB Willis Suarez
|
0-0: Ball 1-0: SINGLE (Flyball, 56D, EV 98.1 MPH) - OUT at second base trying to stretch hit.
|
| Bottom of the 8th over - 0 runs, 1 hit, 0 errors, 0 left on base; University of California 0 - Clemson University 5 |
| TOP OF THE 9TH |
|
University of California Golden Bears batting - Pitching for Clemson University Tigers : RHP A.J. Newman
|
|
Batting: RHB Bill Gallardo
|
0-0: Called Strike 0-1: SINGLE (Flyball, 89S, EV 91.2 MPH)
|
|
Batting: LHB Luis Orellana
|
0-0: Called Strike 0-1: Called Strike 0-2: Ball 1-2: Strikes out swinging
|
|
Batting: LHB Carlos Gaona
|
0-0: Ball 1-0: Grounds into double play, 3-6-1 (Groundball, 3, EV 84.4 MPH)
|
| Top of the 9th over - 0 runs, 1 hit, 0 errors, 0 left on base; University of California 0 - Clemson University 5 |
|